 Dungeon Crawl Stone Soup version 0.13-a0-2485-g242ae62 (webtiles) character file.

1697 Rycklaryybbe the Grappler (level 8, -6/63 HPs)
             Began as a Hill Orc Monk on July 21, 2013.
             Mangled by an orc warrior
             ... wielding a -1,+1 orcish scimitar
              (20 damage)
             ... on Level 6 of the Dungeon.
             The game lasted 00:19:40 (6619 turns).

Rycklaryybbe the Martial Artist (Hill Orc Monk)     Turns: 6619, Time: 00:19:40

HP  -6/63        AC  6     Str 14      XL: 8   Next: 72%
MP   7/7         EV  8     Int 10      God:
Gold 272         SH  0     Dex 13 (15) Spells:  0 memorised,  7 levels left

Res.Fire  : . . .   See Invis. : .     - Unarmed
Res.Cold  : . . .   Warding    : .   i - +0 scale mail {rPois}
Life Prot.: . . .   Conserve   : .   (no shield)
Res.Poison: +       Res.Corr.  : .   (no helmet)
Res.Elec. : .       Clarity    : .   (no cloak)
Sust.Abil.: . .     Spirit.Shd : .   (no gloves)
Res.Mut.  : .       Stasis     : .   (no boots)
Res.Rott. : .       Flight     : .   (no amulet)
Saprovore : + . .                    (no ring)
                                     (no ring)

@: slightly resistant to hostile enchantments, extremely unstealthy
A: saprovore 1
a: no special abilities


You were on level 6 of the Dungeon.
You were not hungry.

You visited 1 branch of the dungeon, and saw 6 of its levels.

You collected 272 gold pieces.

Inventory:

Hand weapons
 n - a +0,+0 halberd
 s - a +0,+0 bow
Missiles
 t - 11 poisoned needles
 y - 13 arrows
Armour
 a - a +0 orcish robe
 c - a +2 robe
 i - a +0 scale mail of poison resistance (worn)
 o - a +1 leather armour of fire resistance
Comestibles
 b - 3 meat rations
 r - 2 bread rations
 w - a pear
 x - a choko
Scrolls
 d - a scroll of enchant armour {unknown}
 e - 2 scrolls of immolation {unknown}
 f - a scroll of blinking {unknown}
 g - 3 scrolls of remove curse {unknown}
 h - a scroll of fear {unknown}
 j - 3 scrolls of identify {unknown}
 k - 2 scrolls of amnesia {unknown}
 l - 2 scrolls of teleportation {unknown}
 p - a scroll of magic mapping {unknown}
 v - a scroll of curse armour {unknown}
Jewellery
 u - a +3 ring of protection {unknown}
Potions
 m - a potion of brilliance


   Skills:
 - Level 3.6 Fighting
 - Level 2.4 Dodging
 - Level 1.5 Stealth
 + Level 12.0 Unarmed Combat


You had 7 spell levels left.
You didn't know any spells.

Dungeon Overview and Level Annotations

Branches:
Dungeon (6/27)
 Temple: D:4-7          Orc: D:6-11

Altars:
Makhleb
the Shining One

Shops:
D:6: (


Innate Abilities, Weirdness & Mutations

You can tolerate rotten meat.


Message History

You stop butchering the corpse.
Unknown command.
Eat a rotting chunk of orc flesh? (ye/n/q/i?) This raw flesh tastes unpleasant.
You continue eating.
The orc warrior barely misses you.
You continue eating.
The orc warrior hits you with an orcish scimitar!
* * * LOW HITPOINT WARNING * * *
Drink which item? (? for menu, Esc to quit)
You feel much better.
The orc warrior hits you with an orcish scimitar!
* * * LOW HITPOINT WARNING * * *
You closely miss the orc warrior.
The orc shouts!
The orc warrior barely misses you.
You hit the orc warrior but do no damage.
You closely miss the orc warrior.
The orc warrior hits you with an orcish scimitar!
You die...

... ... ##.####o# ......##..
#.......## ...........
#..#.##### ........#..# #
#%##### #...........# #......
#...........# ##..... #........
#.# #..... #.......# #.# #.....
#.......###@# ..#..####.....
####..........o#..#............
...............o..oo..####.....
#......................####...∩.
#.....................##........
#.....................##........
.............######## #......(.
#.............#.....# #.....(.#
#.............#.....# #....(..#


You could see an orc warrior and an orc.

Vanquished Creatures
  The ghost of wvc the Sneak, an average HaAs (D:4)
  Eustachio (D:6)
  The ghost of Rycklaryybbe the Insei, an average DrMo (D:3)
  2 orc warriors (D:6)
  A centaur (D:6)
  An ogre (D:5)
  Sigmund (D:4)
  A crimson imp (D:5)
  3 hounds
  2 orc wizards
  3 orc priests
  An iguana (D:4)
  2 worker ants
  A jelly (D:6)
  3 gnolls (D:3)
  7 adders
  A lemure (D:6)
  A worker ant zombie (D:6)
  A giant mite (D:3)
  An inept feature mimic (D:6)
  2 worms (D:3)
  3 giant eyeballs
  5 giant geckos
  17 orcs
  4 ball pythons
  9 goblins
  12 hobgoblins
  9 jackals
  4 quokkas
  5 bats
  3 giant cockroaches
  A giant cockroach zombie (D:3)
  4 giant newts
  A goblin skeleton (D:4)
  12 kobolds
  A kobold skeleton (D:4)
  An orc skeleton (D:4)
  10 rats
138 creatures vanquished.

Notes
Turn   | Place    | Note
--------------------------------------------------------------
     0 | D:1      | Rycklaryybbe, the Hill Orc Monk, began the quest for the Orb.
     0 | D:1      | Reached XP level 1. HP: 17/17 MP: 0/0
   130 | D:1      | Reached XP level 2. HP: 24/24 MP: 1/1
   281 | D:1      | Reached skill level 5 in Unarmed Combat
   732 | D:1      | Reached XP level 3. HP: 25/30 MP: 2/2
  1062 | D:1      | Chaositek: HI your previous monk killed my MfMO =)
  1132 | D:2      | Rycklaryybbe: hi
  1132 | D:2      | Rycklaryybbe: really?
  1132 | D:2      | Chaositek: Yep =(
  1132 | D:2      | Rycklaryybbe: maybe bot previous..
  1139 | D:2      | Chaositek: mb
  1464 | D:2      | Chaositek: Are you plaing monk with scale armour?
  1468 | D:2      | Rycklaryybbe: yes..
  1468 | D:2      | Rycklaryybbe: thats armor has a poison rsist
  1634 | D:2      | Reached skill level 6 in Unarmed Combat
  1634 | D:2      | Reached XP level 4. HP: 37/37 MP: 3/3
  2193 | D:3      | Chaositek: And increase you unarmed combat delay
  2206 | D:3      | Rycklaryybbe: hmmm
  2226 | D:3      | Rycklaryybbe: are you sure?
  2234 | D:3      | Rycklaryybbe: look. 0.9
  2250 | D:3      | Rycklaryybbe: ah, i see.. 1.3
  2264 | D:3      | Noticed Rycklaryybbe's ghost (average DrMo)
  2266 | D:3      | Chaositek: lol
  2270 | D:3      | Chaositek: He killed me
  2362 | D:3      | Chaositek: Exacеly he
  2362 | D:3      | Rycklaryybbe: =))
  2374 | D:3      | Chaositek: Round 1 fight
  2644 | D:3      | Chaositek: lol really strong DrMO
  2786 | D:3      | Reached XP level 5. HP: 21/44 MP: 4/4
  3037 | D:3      | Reached skill level 7 in Unarmed Combat
  3074 | D:3      | Found a glowing golden altar of the Shining One.
  3425 | D:4      | Noticed wvc's ghost (average HaAs)
  3572 | D:4      | Killed wvc's ghost
  3572 | D:4      | Reached skill level 8 in Unarmed Combat
  3572 | D:4      | Reached XP level 6. HP: 50/50 MP: 5/5
  3718 | D:4      | Reached skill level 9 in Unarmed Combat
  3718 | D:4      | Reached XP level 7. HP: 39/57 MP: 6/6
  4126 | D:4      | Noticed Sigmund
  4271 | D:4      | Found a burning altar of Makhleb.
  4391 | D:3      | Killed Rycklaryybbe's ghost
  4443 | D:5      | Entered Level 5 of the Dungeon
  4444 | D:5      | Chaositek: Mekhleb is nice God to Monk i think
  4446 | D:4      | Chaositek: Makleb
  4446 | D:4      | Rycklaryybbe: i don't like him
  4446 | D:4      | Chaositek: Makhleb* fuu
  4446 | D:4      | Rycklaryybbe: kind a boring
  4630 | D:5      | Reached skill level 10 in Unarmed Combat
  4631 | D:5      | Chaositek: Which God do you want to choose? Or you are an atheist?
  4642 | D:5      | Rycklaryybbe: maybe kiku
  4642 | D:5      | Rycklaryybbe: or oka
  4642 | D:5      | Chaositek: What about Jiyva?
  4642 | D:5      | Rycklaryybbe: never try it
  4974 | D:4      | Killed Sigmund
  4974 | D:4      | Reached XP level 8. HP: 21/63 MP: 7/7
  5190 | D:5      | Paralysed by a giant eyeball for 4 turns
  5656 | D:6      | Chaositek: Jiyva is rare God in the dungeon crawl
  5675 | D:6      | Found a staircase to the Orcish Mines.
  5690 | D:6      | Reached skill level 11 in Unarmed Combat
  5953 | D:6      | Found Wukhih's Weapon Shop.
  5955 | D:6      | Paralysed by a giant eyeball for 3 turns
  5974 | D:6      | the staircase to the Orcish Mines was a mimic.
  6293 | D:6      | Chaositek: She is Gоdness of slimes and mutations thats why monks loves here, It is easear to kill when you have some horns and claws
  6296 | D:6      | Chaositek: her*
  6296 | D:6      | Rycklaryybbe: hmmm
  6296 | D:6      | Rycklaryybbe: i wonna try
  6561 | D:6      | Noticed Eustachio
  6566 | D:6      | Chaositek: You may find Her at Lair
  6566 | D:6      | Chaositek:
  6587 | D:6      | Killed Eustachio
  6587 | D:6      | Reached skill level 12 in Unarmed Combat
  6619 | D:6      | Mangled by an orc warrior

Action                   |  1- 3 |  4- 6 |  7- 9 || total
-------------------------+-------+-------+-------++-------
Melee: Unarmed           |   111 |   165 |   214 ||   490
       Halberd           |       |    30 |       ||    30
 Fire: Bow               |       |       |    11 ||    11
  Use: Potion            |       |       |    11 ||    11
       Scroll            |       |       |     1 ||     1
 Stab: Sleeping          |     2 |       |       ||     2
